 Dungeon Crawl Stone Soup version 0.21-a0-346-g330ab2c (webtiles) character file.

11109 paralogiki the Basher (level 12, 0/95 HPs)
             Began as a Human Berserker on Oct 6, 2017.
             Was an Elder of Trog.
             Slain by Rupert
             ... wielding a +4 great mace of protection
              (12 damage)
             ... on level 3 of the Lair of Beasts.
             The game lasted 00:17:41 (10322 turns).

paralogiki the Basher (Human Berserker)            Turns: 10322, Time: 00:17:42

Health: 0/95       AC: 18    Str: 19    XL:     12   Next: 3%
Magic:  16/16      EV:  8    Int:  8    God:    Trog [****..]
Gold:   424        SH:  5    Dex: 16    Spells: 11/11 levels left

rFire    . . .     SeeInvis .   c - +0 morningstar
rCold    . . .     Gourm    .   m - +0 buckler
rNeg     . . .     Faith    .   t - +1 chain mail
rPois    .         Spirit   .   x - +0 helmet
rElec    .         Reflect  .   (no cloak)
rCorr    .         Harm     .   D - +1 pair of gloves
MR       ++...                  u - +0 pair of boots
Stlth    ..........             d - amulet of magic regeneration
HPRegen  1.25/turn              H - +2 ring of protection
MPRegen  0.40/turn              F - +2 ring of slaying

@: about to teleport, berserk cooldown, regenerating, slowed, very slow
A: no striking features
a: Berserk, Trog's Hand, Brothers in Arms, Burn Spellbooks, Renounce Religion


You were on level 3 of the Lair of Beasts.
You worshipped Trog.
Trog was greatly pleased with you.
You were very hungry.

You visited 2 branches of the dungeon, and saw 11 of its levels.
You also visited: Ossuary.

You collected 655 gold pieces.
You spent 231 gold pieces at shops.

Inventory:

Hand Weapons
 c - a +0 morningstar (weapon)
   (You found it on level 2 of the Lair of Beasts)
 y - a +1 mace of protection
   (You found it on level 4 of the Dungeon)
 L - a +0 flail of holy wrath
   (You found it on level 7 of the Dungeon)
Missiles
 f - 2 needles of confusion
 I - a throwing net {=f, !d}
 K - 2 tomahawks of returning (quivered)
Armour
 m - a +0 buckler (worn)
   (You found it on level 3 of the Dungeon)
 t - a +1 chain mail (worn)
   (You found it on level 2 of the Dungeon)
 u - a +0 pair of boots (worn)
   (You found it on level 7 of the Dungeon)
 x - a +0 helmet (worn)
   (You found it on level 3 of the Dungeon)
 D - a +1 pair of gloves (worn)
   (You found it on level 5 of the Dungeon)
Jewellery
 b - a +3 ring of strength
   (You found it on level 4 of the Dungeon)
 d - an amulet of magic regeneration (around neck)
   (You found it on level 2 of the Dungeon)
 h - an uncursed ring of protection from fire {rF+, !d}
   (You found it on level 1 of the Dungeon)
 F - a +2 ring of slaying (right hand)
   (You bought it in a shop on level 4 of the Dungeon)
 H - a +2 ring of protection (left hand)
   (You found it on level 7 of the Dungeon)
Wands
 p - a wand of scattershot (6/9)
   (You found it on level 2 of the Dungeon)
 G - a wand of lightning (14/15)
   (You found it on level 6 of the Dungeon)
Scrolls
 a - 4 scrolls of fog
 e - a scroll of identify {@r1}
 n - 6 scrolls of teleportation
 q - 2 scrolls of remove curse {@r2}
 B - 6 scrolls of fear
Potions
 j - 5 potions of heal wounds {unknown}
 l - 2 potions of magic {unknown}
 o - 7 potions of lignification {!q}
 r - 4 potions of might {unknown}
 s - 3 potions of agility
 v - 2 potions of mutation {unknown}
 w - 4 potions of degeneration {unknown}
 z - 5 potions of curing {@q1}
 A - 6 potions of flight
 C - a potion of cancellation {unknown}
 E - a potion of haste {unknown}
Comestibles
 g - 8 fruits
 i - a royal jelly
 k - 4 meat rations {@e2}
 J - 8 chunks of flesh {@w0}


   Skills:
 + Level 9.3 Fighting
 * Level 12.5 Maces & Flails
 + Level 7.0 Armour
 - Level 2.0 Dodging
 - Level 4.0 Shields
 + Level 6.3 Evocations


You had 11 spell levels left.
You didn't know any spells.

Dungeon Overview and Level Annotations

Branches:
Dungeon (8/15)             Temple (0/1) D:4            Lair (3/6) D:8
 Spider (0/4) Lair:2
  Swamp: Lair:2-4    Shoals: Lair:2-4

Altars:
Cheibriados
Kikubaaqudgha
Ru
Vehumet
Zin

Shops:
D:4 =   D:5 =   D:6 }

Annotations:
D:5 1 runed door
Lair:3 Rupert


Message History

You feel less resistant to hostile enchantments.
Found a glowing spear.
A bullfrog comes into view.
The bullfrog croaks.
A bullfrog is nearby!
A bullfrog is nearby!
A bullfrog is nearby!
A bullfrog is nearby!
Aim: a bullfrog You throw a tomahawk of returning.
The tomahawk of returning closely misses the bullfrog.
The tomahawk of returning fails to return to your pack!
Aim: a bullfrog You throw a tomahawk of returning.
The tomahawk of returning hits the bullfrog!
The tomahawk of returning fails to return to your pack!
You barely miss the bullfrog.
The bullfrog hits you but does no damage.
You closely miss the bullfrog. The bullfrog misses you.
Your chain mail prevents you from hitting the bullfrog.
The bullfrog hits you but does no damage. x2
You thump the bullfrog!
The bullfrog hits you but does no damage.
You sock the bullfrog!
You kill the bullfrog!
Trog accepts your kill.
Your Armour skill increases to level 7!
No target in view!
No target in view!
You butcher the bullfrog corpse.
J - 8 chunks of flesh {@w0} (gained 3)
You see here a bullfrog skeleton. x2
K - a tomahawk of returning
K - 2 tomahawks of returning (gained 1) Rupert the Wild comes into view.
He is wielding a great mace of protection.
Rupert shouts!
A water moccasin comes into view.
Your skin crawls.
You feel resistant to hostile enchantments.
You feel somewhat more hungry.
The water moccasin hisses angrily.
A red film seems to cover your vision as you go berserk!
You feel yourself moving faster!
You feel mighty!
You are feeling very hungry.
You now have 142/142 hp.
You feel a strong urge to attack something.
The water moccasin bites you.
Rupert roars madly and goes into a rage!
Rupert goes berserk!
A five-headed hydra comes into view.
You take 4 damage, and have 138/142 hp.
You closely miss the water moccasin.
The five-headed hydra roars!
You block the water moccasin's attack.
You impale Rupert!!
The water moccasin bites you but does no damage.
Rupert closely misses you.
You barely miss Rupert. You block the water moccasin's attack.
You closely miss Rupert.
Rupert hits you with a great mace of protection!!!
You take 36 damage, and have 105/142 hp.
MASSIVE DAMAGE!!
You barely miss Rupert.
The water moccasin bites you but does no damage.
Rupert hits you with a great mace of protection!!!
You take 36 damage, and have 69/142 hp.
MASSIVE DAMAGE!!
You sock Rupert!
The water moccasin bites you but does no damage.
You bludgeon Rupert!!
Rupert hits you with a great mace of protection!
The water moccasin bites you but does no damage.
You take 15 damage, and have 55/142 hp.
You are too berserk!
You hit Rupert.
Rupert hits you with a great mace of protection.
You block the water moccasin's attack.
You take 6 damage, and have 49/142 hp.
You bludgeon Rupert!!
A hippogriff comes into view.
The hippogriff screeches!
You sock Rupert!
You are no longer berserk.
You are exhausted.
You feel yourself slow down. Rupert barely misses you.
The water moccasin bites you but does no damage.
You now have 35/95 hp.
As you read the scroll of teleportation, it crumbles to dust.
You feel strangely unstable.
The water moccasin bites you but does no damage.
Rupert hits you with a great mace of protection!!
* * * LOW HITPOINT WARNING * * *
The hippogriff moves out of view.
The water moccasin barely misses you.
You block the five-headed hydra's attack.
The five-headed hydra bites you but does no damage. x3
The five-headed hydra bites you.
* * * LOW HITPOINT WARNING * * *
Rupert hits you with a great mace of protection!
You die...

.......÷P#.....##.
#....##....P#......##
.
....##....###.......
..
#...P#....######..##
...##.#.##.....###
####.
.................###P
##
.....................
.
......S..............
.
......@@.............
.
......D......).......
................#....
................###+#
...##..P.##....... ..
##..####...##.. .
#.## #....#.. ..
...P# #.. ...##


You could see Rupert (berserk), a five-headed hydra and a water moccasin.

Vanquished Creatures
  A hydra (Lair:1)
  Erica (D:8)
  The ghost of paralogiki the Grappler, a novice TrMo of Cheibriados (Lair:2)
  2 black mambas (Lair:2)
  3 spiny frogs
  5 komodo dragons
  A rime drake (Lair:3)
  2 hippogriffs
  A yak (Lair:1)
  A wyvern (Lair:1)
  The ghost of
  41311574 the Charmwright, an amateur GnSk of Okawaru (D:3)
  3 water moccasins
  A hell hound (D:8)
  3 porcupines
  A black bear (Lair:2)
  An orc warrior (D:7)
  6 sky beasts
  4 ice beasts
  3 phantoms
  2 necrophages
  3 ogres
  2 crocodiles
  A big kobold (D:7)
  A gnoll sergeant (D:6)
  7 bullfrogs
  A wyvern skeleton (D:7)
  2 scorpions
  4 water moccasin zombies (Ossuary)
  5 crimson imps
  A quasit (D:7)
  3 jellies
  2 centaur skeletons
  3 hounds
  2 orc wizards
  A bullfrog skeleton (D:8)
  3 worker ants
  A big kobold zombie (Ossuary)
  2 hound skeletons
  2 mummies (Ossuary)
  6 gnolls
  7 adders
  2 shadow imps
  4 oozes
  An adder skeleton (D:5)
  3 adder zombies (Ossuary)
  A worm (D:3)
  2 dart slugs
  4 leopard geckos
  21 orcs
  4 giant cockroaches
  4 gnoll zombies (Ossuary)
  7 goblins
  6 hobgoblins
  13 jackals
  10 kobolds
  6 quokkas
  A ball python (D:3)
  4 bats
  6 frilled lizards
  6 hobgoblin zombies (Ossuary)
  A jackal skeleton (D:6)
  7 kobold zombies (Ossuary)
  A leopard gecko zombie (D:8)
  4 orc zombies (Ossuary)
  2 quokka skeletons
  5 rats
227 creatures vanquished.

Vanquished Creatures (collateral kills)
  4 blink frogs (Lair:1)
  5 yaks (Lair:1)
9 creatures vanquished.

Grand Total: 236 creatures vanquished

Notes
Turn   | Place    | Note
-------+----------+-------------------------------------------
     0 | D:1      | paralogiki the Human Berserker began the quest for the Orb.
     0 | D:1      | Reached XP level 1. HP: 18/18 MP: 1/1
   121 | D:1      | Reached XP level 2. HP: 19/24 MP: 2/2
   564 | D:1      | Reached XP level 3. HP: 29/29 MP: 3/3
   840 | D:2      | Reached skill level 4 in Maces & Flails
   957 | D:2      | Reached ** piety under Trog
  1187 | D:2      | Reached XP level 4. HP: 26/35 MP: 4/4
  1612 | D:3      | Noticed 41311574's ghost (amateur GnSk)
  1634 | D:3      | Killed 41311574's ghost
  1634 | D:3      | Reached skill level 4 in Fighting
  1634 | D:3      | Reached skill level 5 in Maces & Flails
  1634 | D:3      | Reached XP level 5. HP: 15/43 MP: 5/5
  1634 | D:3      | Reached XP level 6. HP: 17/49 MP: 6/6
  2369 | D:3      | Reached *** piety under Trog
  2420 | D:4      | Found Toba's Jewellery Shop.
  2494 | D:4      | Found a staircase to the Ecumenical Temple.
  2690 | D:4      | Reached skill level 6 in Maces & Flails
  2701 | D:4      | Noticed a phantom
  2734 | D:4      | Killed a phantom
  2734 | D:4      | Reached XP level 7. HP: 42/55 MP: 7/7
  3004 | D:5      | Entered Level 5 of the Dungeon
  3009 | D:5      | Reached skill level 5 in Fighting
  3102 | D:5      | Found a glowing silver altar of Zin.
  3102 | D:5      | Noticed an angel
  3103 | D:5      | Found a runed door.
  3240 | D:5      | Reached skill level 7 in Maces & Flails
  3325 | D:5      | Reached XP level 8. HP: 63/63 MP: 8/8
  3386 | D:5      | Found a sand-covered staircase.
  3394 | Ossuary  | Entered an ossuary
  3485 | Ossuary  | Reached **** piety under Trog
  3515 | Ossuary  | Reached skill level 6 in Fighting
  3515 | Ossuary  | Reached skill level 8 in Maces & Flails
  3955 | D:4      | Bought a +2 ring of slaying for 231 gold pieces
  4030 | D:5      | Found Gofusur's Jewellery Boutique.
  4381 | D:6      | Reached skill level 9 in Maces & Flails
  4381 | D:6      | Reached XP level 9. HP: 71/71 MP: 9/9
  4384 | D:6      | Received a gift from Trog
  4510 | D:6      | Found Tihacal's Gadget Shop.
  4520 | D:6      | Reached skill level 1 in Shields
  4520 | D:6      | Reached skill level 1 in Evocations
  4869 | D:6      | Reached skill level 3 in Armour
  4884 | D:6      | Reached skill level 7 in Fighting
  4884 | D:6      | Reached skill level 2 in Evocations
  5193 | D:7      | Reached skill level 2 in Shields
  5452 | D:7      | Found a sacrificial altar of Ru.
  5580 | D:7      | Reached ***** piety under Trog
  5615 | D:7      | Found a radiant altar of Vehumet.
  5645 | D:7      | Found an ancient bone altar of Kikubaaqudgha.
  5788 | D:7      | Reached skill level 10 in Maces & Flails
  5821 | D:7      | Reached XP level 10. HP: 79/79 MP: 12/12
  5823 | D:7      | Reached skill level 3 in Evocations
  5843 | D:7      | Reached skill level 3 in Shields
  6096 | D:7      | Reached skill level 4 in Armour
  6334 | D:8      | Noticed Erica
  6348 | D:8      | Killed Erica
  6801 | D:8      | Found a staircase to the Lair.
  6870 | D:8      | Reached skill level 4 in Evocations
  7064 | D:8      | Reached skill level 4 in Shields
  7216 | D:8      | Got an encrusted long sword
  7256 | D:8      | Identified the +10 long sword "Vinim" {slice, rC+ rN+ MR- Int+4} (You found it on level 8 of the Dungeon)
  7435 | Lair:1   | Entered Level 1 of the Lair of Beasts
  7435 | Lair:1   | Noticed a komodo dragon
  7442 | Lair:1   | Killed a komodo dragon
  7442 | Lair:1   | Reached skill level 8 in Fighting
  7442 | Lair:1   | Reached skill level 5 in Armour
  7496 | Lair:1   | Noticed a komodo dragon
  7509 | Lair:1   | Killed a komodo dragon
  7509 | Lair:1   | Reached skill level 11 in Maces & Flails
  7699 | Lair:1   | Noticed a spiny frog
  7711 | Lair:1   | Killed a spiny frog
  7711 | Lair:1   | Reached XP level 11. HP: 86/86 MP: 14/14
  7743 | Lair:1   | HP: 21/86 [blink frog (6)]
  7748 | Lair:1   | HP: 19/86 [blink frog (1)]
  7979 | Lair:1   | Reached skill level 5 in Evocations
  8228 | Lair:1   | Noticed a six-headed hydra
  8239 | Lair:1   | Killed a six-headed hydra
  8239 | Lair:1   | Reached skill level 6 in Armour
  8606 | Lair:2   | Noticed paralogiki's ghost (novice TrMo)
  8610 | Lair:2   | Found a snail-covered altar of Cheibriados.
  8618 | Lair:2   | Killed paralogiki's ghost
  8618 | Lair:2   | Reached skill level 12 in Maces & Flails
  8832 | Lair:2   | Reached skill level 9 in Fighting
  9210 | Lair:2   | Found a hole to the Spider Nest.
  9249 | Lair:2   | HP: 21/89 [komodo dragon (8)]
  9257 | Lair:2   | Reached skill level 6 in Evocations
  9654 | Lair:2   | HP: 17/89 [black mamba (9)]
  9659 | Lair:2   | HP: 14/133 [poisoned by a black mamba]
  9664 | Lair:2   | HP: 6/89 [poisoned by a black mamba]
 10117 | Lair:3   | Received a gift from Trog
 10203 | Lair:3   | Reached XP level 12. HP: 95/95 MP: 16/16
 10293 | Lair:3   | Reached skill level 7 in Armour
 10307 | Lair:3   | Noticed Rupert
 10312 | Lair:3   | Noticed a five-headed hydra
 10322 | Lair:3   | HP: 14/95 [Rupert/great mace of protection (23)]
 10322 | Lair:3   | Slain by Rupert

Vault maps used:
D:1:      evilmike_arrival_grusome_pit
D:2:      corexii_item_surrounded_by_moat
D:3:      first_bread, minmay_ruptured
D:4:      minmay_temple_entry_statues_pillars, serial_shops, shop,
          kennysheep_diamond
D:5:      chequers_ossuary_entry_cave, serial_shops, shop, lemuel_angel_altar
D:6:      serial_shops, kennysheep_mini
D:7:      minitemple, nicolae_ru_path_of_blood
D:8:      minmay_lair_entry_lava, uniq_erica
Lair:2:   spider_nest_entry_web_field, basic_altar
Lair:3:   uniq_rupert
Ossuary:  ossuary_tomb_2

Skill      XL: |  1  2  3  4  5  6  7  8  9 10 11 12 |
---------------+-------------------------------------+-----
Maces & Flails | 4 5 6 7 9 10 11 12 | 12.5
Fighting       | 4 5 6 7 8 9 |  9.3
Shields        | 2 4 |  4.0
Evocations     | 2 4 6 |  6.3
Armour         | 3 5 6 7 |  7.0
Dodging        | |  2.0

Action                   |  1- 3 |  4- 6 |  7- 9 | 10-12 || total
-------------------------+-------+-------+-------+-------++-------
Melee: Mace              |    97 |   125 |   435 |   354 ||  1011
       Whip              |       |    84 |       |       ||    84
       Morningstar       |       |       |       |    28 ||    28
Throw: Tomahawk          |       |       |    54 |    60 ||   114
Invok: Berserk           |       |     1 |     5 |     9 ||    15
       Trog's Hand       |       |     1 |     2 |    10 ||    13
       Burn Spellbooks   |       |     1 |       |       ||     1
       Brothers in Arms  |       |       |       |     2 ||     2
Evoke: Wand              |       |       |       |     1 ||     1
  Use: Scroll            |       |     7 |    12 |     2 ||    21
       Potion            |       |       |       |     1 ||     1
 Stab: Sleeping          |     1 |       |       |       ||     1
  Eat: Chunk             |     1 |     7 |     6 |     8 ||    22
       Bread ration      |       |       |     2 |     3 ||     5
       Meat ration       |       |       |       |     1 ||     1
Armor: Animal skin       |    21 |       |       |       ||    21
       Chain mail        |     1 |   142 |   278 |   196 ||   617
Dodge: Dodged            |    75 |    85 |   158 |   110 ||   428
Block: Buckler           |       |    12 |    50 |    70 ||   132

Table legend:
 A = Spawn XP
 B = Non-spawn XP
 C = Spawn XP percentage of total XP
 D = Spawn monster count
 E = Non-spawn monster count
 F = Spawn count percentage of total count
 G = Total turns spent on level
                    A         B        C        D         E        F      G
               +---------+---------+-------+---------+---------+-------+---------
         Total |       0 |   15870 |   0.0 |       0 |     236 |   0.0 | 10322
               +---------+---------+-------+---------+---------+-------+---------
           D:1 |       0 |      35 |   0.0 |       0 |      16 |   0.0 |   717
           D:2 |       0 |      48 |   0.0 |       0 |      15 |   0.0 |   741
           D:3 |       0 |     278 |   0.0 |       0 |      29 |   0.0 |   938
           D:4 |       0 |     213 |   0.0 |       0 |      10 |   0.0 |   660
           D:5 |       0 |     514 |   0.0 |       0 |      18 |   0.0 |   583
           D:6 |       0 |    1272 |   0.0 |       0 |      28 |   0.0 |  1109
           D:7 |       0 |    1379 |   0.0 |       0 |      33 |   0.0 |  1168
           D:8 |       0 |    2187 |   0.0 |       0 |      18 |   0.0 |  1107
        Lair:1 |       0 |    4881 |   0.0 |       0 |      22 |   0.0 |  1177
        Lair:2 |       0 |    3841 |   0.0 |       0 |      13 |   0.0 |  1485
        Lair:3 |       0 |     818 |   0.0 |       0 |       3 |   0.0 |   225
       Ossuary |       0 |     404 |   0.0 |       0 |      31 |   0.0 |   412
               +---------+---------+-------+---------+---------+-------+---------

Vault maps used:
D:1:      evilmike_arrival_grusome_pit
D:2:      corexii_item_surrounded_by_moat
D:3:      first_bread, minmay_ruptured
D:4:      minmay_temple_entry_statues_pillars, serial_shops, shop,
          kennysheep_diamond
D:5:      chequers_ossuary_entry_cave, serial_shops, shop, lemuel_angel_altar
D:6:      serial_shops, kennysheep_mini
D:7:      minitemple, nicolae_ru_path_of_blood
D:8:      minmay_lair_entry_lava, uniq_erica
Lair:2:   spider_nest_entry_web_field, basic_altar
Lair:3:   uniq_rupert
Ossuary:  ossuary_tomb_2

Table legend:
 A = Turns spent in this place as a percentage of turns spent in the entire game.
 B = Non-inter-level travel turns spent in this place as a percentage of non-inter-level travel turns spent in the entire game.
 C = Inter-level travel turns spent in this place as a percentage of turns spent in this place.
 D = Turns resting spent in this place as a percentage of non-inter-level travel turns spent in this place.
 E = Turns spent auto-exploring this place as a percentage of non-inter-level travel turns spent in this place.
 F = Non-inter-level travel turns spent in this place divided by the number of levels of this place that you've seen.
                   A       B       C       D       E      F
               +-------+-------+-------+-------+-------+----------------------
         Total | 100.0 | 100.0 |   3.0 |  20.3 |  58.1 | 834.3
       Dungeon |  68.0 |  67.8 |   3.4 |  14.2 |  63.5 | 848.4
          Lair |  28.0 |  28.1 |   2.6 |  31.6 |  51.7 | 937.7
       Ossuary |   4.0 |   4.1 |   0.0 |  43.7 |  13.6 | 412.0
               +-------+-------+-------+-------+-------+----------------------

Table legend:
 A = Kills in this place as a percentage of kills in entire the game.
 B = Kills by you in this place as a percentage of kills by you in the entire game.
 C = Kills by friends in this place as a percentage of kills by friends in the entire game.
 D = Other kills in this place as a percentage of other kills in the entire game.
 E = Experience gained in this place as a percentage of experience gained in the entire game.
 F = Experience gained in this place divided by the number of levels of this place that you have seen.
                   A       B       C       D       E      F
               +-------+-------+-------+-------+-------+----------------------
         Total | 100.0 | 100.0 | 100.0 |   N/A | 100.0 | 1322.5
       Dungeon |  70.8 |  73.6 |   0.0 |   N/A |  37.3 | 740.8
          Lair |  16.1 |  12.8 | 100.0 |   N/A |  60.1 | 3180.0
       Ossuary |  13.1 |  13.7 |   0.0 |   N/A |   2.5 | 404.0
               +-------+-------+-------+-------+-------+----------------------
